 BcadrenCrawl: Boulder Brew version 0.05.21-81-gd28e3044bd (webtiles) character file.

Game seed: 7144635114605936158, levelgen mode: deterministic

60 theanonym the Chopper (level 3, -1/28 HPs) Mummified Minotaur. Began on Sept 6, 2021. Splashed by a jelly's acid (3 damage) ... on level 2 of the Dungeon. The game lasted 00:02:14 (1104 turns).

theanonym the Chopper (Minotaur Mummy)              Turns: 1104, Time: 00:02:14

Health: -1/28      AC:  7    Str: 19    XL:     3 ^: 11
Magic:  4/4        EV: 11    Int: 16    God:
Gold:   44         SH:  0    Dex:  4    Spells: 5/6 levels left

rFire    x . .     Vision   .   a - +0 hatchet
rCold    + . .     Gourm    .   (no weapon)
rNeg     + + +     Faith    .   b - +0 leather armour
rCorr    + . .     Spirit   .   (helmet restricted)
rPois    ∞         Reflect  .   (no cloak)
rElec    .         Harm     .   g - +0 pair of gloves {Str+3}
MR       .....                  d - +2 pair of boots
Stlth    +.........             (no amulet)
HPRegen  0.19/turn              h - ring of resist corrosion
MPRegen  0.14/turn              (no ring)

@: no status effects
A: horns, retaliatory headbutt 2, cold resistance 1, negative energy resistance
3, torment resistance, unbreathing, heat vulnerability 1, in touch with death 1,
ancient wisdom
a: no special abilities


Innate Abilities, Weirdness & Mutations

You are immune to poison.
You reflexively attack those that strike you in melee with your horns.
You are cold resistant. (rC+)
You are immune to negative energy. (rN+++)
You are immune to unholy pain and torment.
You can survive without breathing.
You are vulnerable to heat. (rF-)
You are in touch with the powers of death.
You can memorise 50% more levels worth of spells.
You gain random stats at level up more slowly, but gain an extra +1 intelligence each time.


   Skills:
 + Level 1.5 Fighting
 * Level 3.6 Axes & Hammers
 + Level 1.4 Armour
 - Level 3.2 Dodging
 - Level 1.5 Stealth
 - Level 1.4 Spellcasting
 - Level 2.1 Necromancy


You had 5 spell levels left.
You knew the following spells:

 Your Spells              Type           Power        Failure   Level  Hunger
a - Pain                  Hex/Necr       6 (25)       16%         1    N/A

Your spell library contained the following spells:

 Spells                   Type           Power        Failure   Level  Hunger
 Vampiric Draining        Necr           12 (200)     28%         3    N/A
 Pryten's Skeletal Upris  Chrm/Necr      6 (200)      41%         3    N/A
 Animate Dead             Necr           N/A          67%         4    N/A
 Regeneration             Chrm/Necr      Unusable     N/A         3    N/A

Skill      XL: |  1 |
---------------+----+-----
Fighting       | 1 |  1.5
Axes & Hammers | 3 |  3.6
Armour         | 1 |  1.4
Dodging        | |  3.2
Stealth        | |  1.5
Spellcasting   | |  1.4
Necromancy     | |  2.1

Action                   || total
-------------------------++-------
Melee: Hatchet           ||    92
       Unarmed           ||    87
  Use: Scroll            ||     1
Armor: Leather armour    ||    45
Dodge: Dodged            ||   121

Inventory:

Weapons
 a - a +0 hatchet (weapon)
Armour
 b - a +0 leather armour (worn)
 d - a +2 pair of boots (worn)
 g - a +0 pair of gloves of strength (worn)
Jewellery
 c - the cursed macabre finger necklace {rN+, (Curse: MR-)}

   [amulet of nothing]

   It protects you from negative energy.
   It has a curse placed upon it.
   { (Curse: MR-)}
 h - a ring of resist corrosion (left hand)
Scrolls
 e - a scroll of enchantment
 f - a scroll of fog
 i - a scroll of immolation
 y - 2 scrolls of magic mapping


You were on level 2 of the Dungeon.
You were not hungry.

You visited 1 branch of the dungeon, and saw 2 of its levels.

You collected 44 gold pieces.

Dungeon Overview and Level Annotations

Branches:
Dungeon (2/8)

Altars:

≈≈..≈≈
≈≈≈≈≈≈≈≈≈≈#
≈..≈≈≈
≈≈≈≈≈≈≈≈≈≈#
≈.≈≈≈≈
;≈≈≈≈≈≈≈≈≈#
.≈≈≈≈≈
≈≈≈≈≈≈≈≈≈≈# P≈
≈≈≈≈≈≈≈≈≈.# PP
≈≈≈≈≈.≈≈≈≈# ##
≈≈≈≈≈.≈≈≈.#
≈≈≈..≈.@J.#
######≈...s...≈
#≈...≈!≈≈.
####.≈.≈≈P
.≈..P≈ .≈≈w..
≈≈≈≈. ≈≈≈≈$


You could see a worm, a jelly, a giant cockroach and a neutral submerged
slimehead (wandering) (passive).

Notes
Turn   | Place    | Note
-------+----------+-------------------------------------------
     0 | D:1      | theanonym the Minotaur Mummy began the quest for the Orb.
     0 | D:1      | Reached XP level 1. HP: 14/14 MP: 1/1
    31 | D:1      | HP: 7/14 [leopard gecko (1)]
    37 | D:1      | HP: 5/14 [leopard gecko (1)]
   270 | D:1      | Reached skill level 1 in Fighting
   270 | D:1      | Reached skill level 3 in Axes & Hammers
   270 | D:1      | Reached skill level 1 in Armour
   270 | D:1      | Reached XP level 2. HP: 23/23 MP: 3/3
   362 | D:1      | HP: 11/23 [kobold/+0 whip (3)]
   443 | D:1      | Identified a scroll of acquirement
   464 | D:1      | Identified the +4 flail "Laum" {vamp, rN+ MR+} (You
                  | acquired it on level 1 of the Dungeon)
   464 | D:1      | Identified the +7 staff "Peatief" {warp, death; rN+ Str+4
                  | Int+4} (You acquired it on level 1 of the Dungeon)
   474 | D:1      | Reached XP level 3. HP: 19/28 MP: 4/4
   854 | D:2      | Noticed a crocodile
   859 | D:1      | HP: 7/28 [crocodile (8)]
  1016 | D:2      | Noticed a big kobold
  1034 | D:2      | HP: 13/28 [big kobold/+0 club (7)]
  1052 | D:1      | HP: 8/28 [acid (8)]
  1054 | D:1      | HP: 3/28 [acid (3)]
  1103 | D:2      | HP: 9/28 [acid (4)]
  1104 | D:2      | HP: 2/28 [acid (5)]
  1104 | D:2      | Splashed by a jelly's acid

Vanquished Creatures
  2 giant cockroaches
  An adder (D:2)
  A leopard gecko (D:1)
  2 ball pythons
  A goblin (D:1)
  A hobgoblin (D:1)
  8 kobolds
  A ball python skeleton (D:2)
  6 bats (D:1)
  2 rats (D:1)
25 creatures vanquished.

Vanquished Creatures (others)
  12 withered plants (D:2)
12 creatures vanquished.

Grand Total: 37 creatures vanquished

Table legend:
 A = Turns spent in this place as a percentage of turns spent in the entire game.
 B = Non-inter-level travel turns spent in this place as a percentage of non-inter-level travel turns spent in the entire game.
 C = Inter-level travel turns spent in this place as a percentage of turns spent in this place.
 D = Turns resting spent in this place as a percentage of non-inter-level travel turns spent in this place.
 E = Turns spent auto-exploring this place as a percentage of non-inter-level travel turns spent in this place.
 F = Non-inter-level travel turns spent in this place divided by the number of levels of this place that you've seen.
                   A       B       C       D       E      F
               +-------+-------+-------+-------+-------+----------------------
         Total | 100.0 | 100.0 |   2.6 |  24.1 |  51.3 | 537.5
       Dungeon | 100.0 | 100.0 |   2.6 |  24.1 |  51.3 | 537.5
               +-------+-------+-------+-------+-------+----------------------
